 Dungeon Crawl Stone Soup version 0.27-a0-909-g0721f309d1 (webtiles) character file.

Game seed: 15189343931119997720

309 Alarkh the Insei (level 6, 38/47 HPs)
             Began as a Demonspawn Transmuter on Apr 8, 2021.
             Got out of the dungeon alive.
             The game lasted 00:02:31 (3409 turns).

Alarkh the Insei (Demonspawn Transmuter)            Turns: 3409, Time: 00:02:31

Health: 38/47      AC:  6    Str: 11    XL:     6   Next: 17%
Magic:  9/9        EV: 11    Int: 16    God:
Gold:   84         SH:  0    Dex: 15    Spells: 8/9 levels left

rFire    . . .     SeeInvis .     - Unarmed
rCold    . . .     Faith    .   (no shield)
rNeg     . . .     Spirit   .   i - +3 leather armour
rPois    .         Reflect  .   (no helmet)
rElec    .         Harm     .   (no cloak)
rCorr    .         Rampage  .   (no gloves)
Will     .....                  (no boots)
Stlth    ++........             (no amulet)
HPRegen  0.15/turn              (no ring)
MPRegen  0.11/turn              (no ring)

@: no status effects
A: talons 1, thin skeletal structure 1, spiny 2
a: no special abilities


You escaped.
You visited 1 branch of the dungeon, and saw 4 of its levels.

You collected 84 gold pieces.

Inventory:

Armour
 a - a +0 robe
 i - a +3 leather armour (worn)
Jewellery
 d - a ring of fire
 l - a ring of resist corrosion
Wands
 m - a wand of iceblast (10)
Scrolls
 b - 2 scrolls of torment {unknown}
 c - a scroll of fog {unknown}
 e - a scroll of amnesia {unknown}
 f - 6 scrolls of identify {unknown}
 g - 2 scrolls of enchant weapon {unknown}
 h - a scroll of teleportation {unknown}
 j - a scroll of magic mapping {unknown}
 n - a scroll of enchant armour {unknown}
Potions
 k - 3 potions of curing


   Skills:
 + Level 3.5 Fighting
 - Level 1.7 Dodging
 * Level 5.4 Unarmed Combat
 - Level 2.0 Spellcasting
 - Level 1.7 Transmutations


You had 8 spell levels left.
You knew the following spells:

 Your Spells              Type           Power      Damage    Failure   Level
a - Beastly Appendage     Tmut           14%        N/A       13%         1

Your spell library contained the following spells:

 Spells                   Type           Power      Damage    Failure   Level
 Wereblood                Tmut           7%         N/A       21%         2
 Animate Skeleton         Necr           2%         N/A       26%         1
 Apportation              Tloc           2%         N/A       26%         1
 Corona                   Hex            1%         N/A       26%         1
 Summon Small Mammal      Summ           4%         N/A       26%         1
 Spider Form              Tmut/Pois      2%         N/A       50%         3
 Ice Form                 Ice/Tmut       4%         N/A       88%         4
 Hydra Form               Tmut           3%         N/A       98%         5


Dungeon Overview and Level Annotations

Branches:
Dungeon (4/15)
 Temple: D:4-7

Altars:
Kikubaaqudgha


Innate Abilities, Weirdness & Mutations

You have sharp toenails.
You have a somewhat thin skeletal structure. (Dex +2, Stealth)
You are mostly covered in sharp spines.


Message History

You destroy the hound zombie!
The scorpion zombie hits you but does no damage.
You hit the scorpion zombie.
The scorpion zombie is heavily damaged.
The scorpion zombie misses you.
You barely miss the scorpion zombie.
The scorpion zombie is heavily damaged.
The scorpion zombie hits you.
You hit the scorpion zombie.
The scorpion zombie is heavily damaged.
You hit the scorpion zombie but do no damage.
The scorpion zombie is heavily damaged.
The scorpion zombie is struck by your spines.
The scorpion zombie hits you.
You hit the scorpion zombie. You claw the scorpion zombie.
You destroy the scorpion zombie!
No target in view!
No target in view!
No target in view!
No target in view!
No target in view!
No target in view!
No target in view!
No target in view!
(D) Dungeon
Where to? (Enter - D:4, ? - help)
What level of the Dungeon? (default 1, ? - help)
There is a stone staircase leading up here.
You climb upwards.
There is a stone staircase leading down here.
There is a stone staircase leading up here.
You climb upwards.
There is a stone staircase leading down here.
There is a stone staircase leading up here.
You climb upwards.
There is a stone staircase leading down here.
HP restored.
There is a staircase leading out of the dungeon here.
Are you sure you want to leave the Dungeon?
This will make you lose the game!
You have escaped!

.# #.#.# #. .# ####.#.# #. .#
#########....#.# #####. .#
##......##.##...# #...(. .#
##...........###.# #.###. .#
####....≈≈≈≈≈≈≈..##.# #.#... .#
#......≈≈.♣...≈≈..#.# #.#.#. .#
#.#...≈≈....♣..≈≈...# #.#.#. .#
#.#..≈≈....@.8..≈≈..# #.#.#. .#
#.##.≈..8.....♣..≈..###.#.#. .#
##.##.≈.....♣.....≈.......... ##
#.....≈≈.........≈≈..........
#..##..≈≈....8..≈≈..##.#.#.##
#####..##...≈≈.....≈≈..###.#.#.#
.............≈≈≈.≈≈≈..##
#.#^#.## ##.......##...........#
#.#.#... #.##.##.###..........##
#.#.####


There were no monsters in sight!

Vanquished Creatures
  A scorpion (D:3)
  A centaur zombie (D:3)
  Natasha (thrice) (D:2)
  A scorpion zombie (D:4)
  A hound zombie (D:4)
  A hound skeleton (D:4)
  3 adders
  2 worms (D:2)
  3 bats
  5 endoplasms
  5 giant cockroaches
  6 goblins
  5 hobgoblins
  7 jackals (D:1)
  5 kobolds
  2 quokkas
  4 ball pythons
  4 frilled lizards
  4 rats
63 creatures vanquished.

Vanquished Creatures (others)
  2 plants (D:2)
2 creatures vanquished.

Grand Total: 65 creatures vanquished

Notes
Turn   | Place    | Note
-------+----------+-------------------------------------------
     0 | D:1      | Alarkh the Demonspawn Transmuter began the quest for the
                  | Orb.
     0 | D:1      | Reached XP level 1. HP: 15/15 MP: 3/3
    57 | D:1      | Reached skill level 3 in Unarmed Combat
   109 | D:1      | Gained mutation: You are partially covered in sharp spines.
                  | [demonic ancestry]
   109 | D:1      | Reached XP level 2. HP: 20/21 MP: 3/5
   750 | D:1      | Gained mutation: You have sharp toenails. [demonic
                  | ancestry]
   750 | D:1      | Reached XP level 3. HP: 17/27 MP: 6/6
  1451 | D:2      | Noticed Natasha
  1460 | D:2      | Killed Natasha
  1461 | D:2      | Reached skill level 4 in Unarmed Combat
  1461 | D:2      | Reached XP level 4. HP: 32/34 MP: 5/7
  1550 | D:2      | Noticed Natasha
  1557 | D:2      | Killed Natasha
  1905 | D:2      | Noticed Natasha
  1916 | D:2      | Killed Natasha
  1917 | D:2      | Gained mutation: You are mostly covered in sharp spines.
                  | [demonic ancestry]
  1917 | D:2      | Reached XP level 5. HP: 3/40 MP: 8/8
  2844 | D:3      | Found a faded altar of an unknown god.
  2899 | D:3      | Reached skill level 5 in Unarmed Combat
  3109 | D:3      | Found an ancient bone altar of Kikubaaqudgha.
  3311 | D:4      | Gained mutation: You have a somewhat thin skeletal
                  | structure. (Dex +2, Stealth) [demonic ancestry]
  3311 | D:4      | Reached XP level 6. HP: 40/47 MP: 9/9
  3409 | D:$      | Got out of the dungeon alive.

Illustrated notes

Levels and vault maps discovered:
D:1:      moated_graveyard_arrival, layout_loops_ring
D:2:      wad_lake_hut, layout_basic, bh_walls_and_bars, uniq_natasha
D:3:      layout_basic, lemuel_round_altar, basic_ecumenical_altar
D:4:      layout_loops_ring, kennysheep_orc_sif_temple, serial_undead,
          serial_undead_e, serial_undead_b, serial_undead_f, serial_undead_b,
          kennysheep_generic_room_13

Skill      XL: |  1  2  3  4  5 |
---------------+----------------+-----
Unarmed Combat | 3 4 5 |  5.4
Fighting       | 2 3 |  3.5
Dodging        | |  1.7
Spellcasting   | |  2.0
Transmutations | |  1.7

Action                   |  1- 3 |  4- 6 || total
-------------------------+-------+-------++-------
Melee: Unarmed           |    92 |    63 ||   155
       Kick              |    13 |    14 ||    27
       Headbutt          |     7 |     1 ||     8
       Punch             |     1 |       ||     1
 Cast: Beastly Appendage |    14 |     5 ||    19
  Use: Potion            |       |     3 ||     3
Armor: Robe              |     9 |       ||     9
       Leather armour    |    14 |    19 ||    33
       Skin              |       |     1 ||     1
Dodge: Dodged            |    50 |    31 ||    81

Table legend: (Time is in decaauts)
 A = Elapsed time spent in this place.
 B = Non-inter-level travel time spent in this place.
 C = Inter-level travel time spent in this place.
 D = Time resting spent in this place.
 E = Time spent auto-exploring this place.
 F = Levels seen in this place.
 G = Mean time per level.
                   A        B        C        D        E       F      G
               +--------+--------+--------+--------+--------+-----+--------+
         Total |   3431 |   3241 |    190 |    489 |   2380 |   4 |  857.8 |
       Dungeon |   3431 |   3241 |    190 |    489 |   2380 |   4 |  857.8 |
               +--------+--------+--------+--------+--------+-----+--------+

Top non-repeatable levels by time:
     D:2: 1636 daAuts
     D:1: 1136 daAuts
     D:3: 630 daAuts
     D:4: 28 daAuts
